Map: New Repugnancy LE

Players

Hierarch - Winner!

  • Race: Protoss Protoss
  • League: Silver
  • Spawn Location: 7:00

ZaZen

  • Race: Terran Terran
  • League: Silver
  • Spawn Location: 1:00

VOD

Have the link to the VOD?

Description

Time

  • Played on: May 18, 2019, 1:52 p.m.
  • Length: 8:12
Show
View Real Time Build Order
Export as new Build Order

Hierarch Protoss - Winner!

Build Orders: Oracle Opening 

Get SALT Encoding   

  1  0:00  Probe  
  12  0:05  Probe  
  14  0:21  Pylon  
  14  0:25  Probe  
  15  0:39  Probe  
  16  0:51  Probe  
  17  1:01  Gateway  
  17  1:03  Gateway  
  17  1:05  Gateway  
  17  1:10  Assimilator  
  17  1:15  Assimilator  
  17  1:16  Probe  
  17  1:24  Probe  
  19  1:34  Probe  
  19  1:37  Pylon  
  20  1:49  Cybernetics Core  
  20  1:52  Probe  
  21  2:01  Probe  
  21  2:05  Pylon  
  22  2:09  Probe  
  23  2:21  Warp Gate  
  23  2:26  Adept x3  
  29  2:41  Stargate  
  29  2:53  Twilight Council  
  29  3:11  Gateway  
  29  3:14  Gateway  
  29  3:25  Oracle  
  32  3:27  Charge  
  26  4:24  Dark Shrine  
  26  4:27  Robotics Facility  
  26  4:34  Gateway  
  26  4:35  Gateway  
  26  4:38  Gateway  
  26  4:51  Nexus  
  23  5:04  Pylon  
  23  5:09  Pylon  
  23  5:14  Warp Prism  
  25  5:27  Shadow Stride  
  25  5:30  Pylon  
  25  5:50  Pylon  
  25  6:00  Probe  
  26  6:05  Probe  
  26  6:08  Probe  
  27  6:13  Probe  
  27  6:15  Forge  
  27  6:18  Probe  
  29  6:21  Forge  
  29  6:22  Probe  
  31  6:30  Probe  
  32  6:34  Assimilator  
  32  6:35  Probe  
  32  6:38  Assimilator  
  33  6:45  Probe  
  33  6:47  Probe  
  35  6:57  Probe  
  35  7:00  Probe  
  37  7:09  Probe  
  37  7:12  Probe  
  39  7:24  Probe  
  40  7:36  Dark Templar  
  40  7:37  Dark Templar x5  
Show
View Real Time Build Order
Export as new Build Order

ZaZen Terran 

Build Orders:  

Get SALT Encoding   

  12  0:01  SCV  
  13  0:13  SCV  
  14  0:17  Supply Depot  
  14  0:26  Refinery  
  14  0:28  SCV  
  15  0:40  SCV  
  16  0:56  SCV, Barracks  
  17  1:08  SCV  
  18  1:20  SCV  
  19  1:32  SCV  
  20  1:46  Command Center  
  20  1:47  Orbital Command  
  20  1:53  Reaper  
  21  2:03  Factory  
  21  2:19  Supply Depot  
  21  2:28  Barracks Reactor  
  21  2:41  SCV  
  22  2:48  Starport  
  22  2:56  SCV  
  23  3:01  Orbital Command  
  22  3:10  Factory Tech Lab  
  22  3:11  Marine x2  
  24  3:19  Bunker  
  24  3:21  SCV  
  25  3:29  Marine x2  
  27  3:34  Cyclone  
  28  3:46  Marine x2  
  21  4:04  Marine x2  
  20  4:21  SCV x2  
  22  4:29  Marine x2  
  24  4:33  SCV x2  
  26  4:45  SCV x2  
  27  4:46  Cyclone  
  27  4:49  Starport Tech Lab  
  31  4:53  Marine x2  
  31  4:57  SCV x2  
  35  5:06  Refinery  
  35  5:09  SCV  
  36  5:16  Factory  
  36  5:19  Marine x2  
  38  5:32  SCV x2  
  40  5:37  Cyclone  
  43  5:48  Marine x2  
  45  5:59  Starport Reactor  
  45  6:08  Factory  
  45  6:14  Refinery  
  45  6:17  Refinery  
  45  6:33  SCV, Supply Depot  
  45  6:35  Supply Depot  
  46  6:42  Infernal Pre-Igniter  
  46  6:53  Factory Reactor  
  46  6:55  SCV x2, Hellion x2  
  52  7:07  SCV x2  
  54  7:10  Supply Depot  
  54  7:19  SCV x2  
  56  7:23  Supply Depot  
  56  7:29  Hellion x2  
  60  7:31  Hellion  
  60  7:32  SCV  
  63  7:38  Supply Depot  
Tags
 
Add a new tag
Caveats
  • Supply blocks, unpowered buildings, or Contaminate may cause inaccurate times.
  • Supply counts are checked every 10 seconds.